 Dungeon Crawl Stone Soup version 0.28-a0-1447-ga5a8893891 (webtiles) character file.

Game seed: 6328050339838400507

452 HallandMoats the Skirmisher (level 6, -4/56 HPs)
             Began as a Minotaur Fighter on Jan 11, 2022.
             Slain by an ogre (23 damage)
             ... on level 4 of the Dungeon.
             The game lasted 00:03:56 (4299 turns).

HallandMoats the Skirmisher (Minotaur Fighter)      Turns: 4299, Time: 00:03:57

Health: -4/56      AC:  7    Str: 23    XL:     6   Next: 75%
Magic:  7/7        EV: 10    Int:  5    God:
Gold:   96         SH:  4    Dex:  9    Spells: 5/5 levels left

rFire   . . .      SeeInvis .   a - +0 war axe
rCold   + . .      Faith    .   c - +0 buckler
rNeg    . . .      Spirit   .   g - +0 scale mail
rPois   .          Reflect  .   (helmet restricted)
rElec   .          Harm     .   (no cloak)
rCorr   .          Rampage  .   (no gloves)
Will    .....                   (no boots)
Stlth   ..........              (no amulet)
HPRegen 0.18/turn               i - ring of protection from cold
MPRegen 0.10/turn               (no ring)

@: no status effects
A: horns 2, retaliatory headbutt
a: no special abilities


You were on level 4 of the Dungeon.
You visited 1 branch of the dungeon, and saw 4 of its levels.
You also visited: Sewer.

You collected 96 gold pieces.

Inventory:

Hand Weapons
 a - a +0 war axe (weapon)
 b - a +2 short sword of flaming
Armour
 c - a +0 buckler (worn)
 g - a +0 scale mail (worn)
Jewellery
 i - a ring of protection from cold (left hand)
Scrolls
 e - a scroll of identify
 h - a scroll of enchant weapon {unknown}
 j - 2 scrolls of teleportation
 m - a scroll of blinking {unknown}
 n - a scroll of fog {unknown}
Potions
 d - 2 potions of might
 f - 2 potions of brilliance
 k - 2 potions of flight
 l - a potion of lignification {unknown}
 o - a potion of resistance {unknown}
 p - a potion of haste {unknown}
 q - 3 potions of heal wounds {unknown}
 r - 2 potions of magic
 s - a potion of invisibility {unknown}


   Skills:
 * Level 5.5 Fighting
 * Level 4.7 Axes
 + Level 4.6 Armour
 + Level 2.3 Dodging
 - Level 4.0 Shields
 * Level 3.1 Invocations


You had 5 spell levels left.
You didn't know any spells.
Your spell library contained the following spells:

 Spells                   Type           Power      Damage    Failure   Level
 Summon Small Mammal      Summ           0%         N/A       86%         1
 Blink                    Tloc           0%         N/A       95%         2
 Call Canine Familiar     Summ           0%         N/A       99%         3
 Conjure Flame            Conj/Fire      0%         6-21      99%         3
 Ignite Poison            Fire/Tmut/Pois 0%         N/A       99%         3
 Lesser Beckoning         Tloc           0%         N/A       99%         3
 Summon Guardian Golem    Hex/Summ       0%         N/A       99%         3
 Sticky Flame             Conj/Fire      0%         2d3       100%        4
 Manifold Assault         Tloc           0%         N/A       100%        5


Dungeon Overview and Level Annotations

Branches:
Dungeon (4/15)              Sewer (visited)
 Temple: D:4-7

Altars:

Shops:
D:3 [:


Innate Abilities, Weirdness & Mutations

You have a pair of horns on your head.
You reflexively headbutt those who attack you in melee.


Message History

A goblin is nearby!
A goblin is nearby!
The goblin hits you but does no damage.
You slice the goblin!!
You kill the goblin!
No target in view!
No target in view!
No target in view!
Things that are here:
a +0 dagger; a goblin corpse
Found a stone staircase leading up.
A hound skeleton comes into view.
You barely miss the hound skeleton. You headbutt the hound skeleton!
The hound skeleton is heavily damaged.
The hound skeleton barely misses you. x2
A hound skeleton is nearby!
You slash the hound skeleton!
You destroy the hound skeleton!
Found a glowing hand axe.
No target in view!
j - 2 scrolls of teleportation (gained 1)
An ogre comes into view. It is wielding a +0 giant club.
The ogre shouts!
You barely miss the ogre. The ogre closely misses you.
An ogre is nearby!
You slash the ogre!
The ogre is moderately wounded.
The ogre hits you with a +0 giant club!!
An ogre is nearby!
You slash the ogre!
The ogre is severely wounded.
The ogre hits you with a +0 giant club!!
An ogre is nearby!
You are too injured to fight recklessly!
An ogre is nearby!
You are too injured to fight recklessly!
You hit the ogre.
The ogre is almost dead.
The ogre hits you with a +0 giant club!!
You die...

.......## ........# ##.
........###..#
..........# ..##
......<...##....###
..................#
..................
..##...........#O## .
..#..........#@.#
..................##
...######.....#.)..######
....#.## #..#......#....#
.#... ..###..........###
.... ########.....#
###...# ##.......#
.#.##.#### . #..#..#.##
.........#... #
#..#..#.##


You could see an ogre.

Vanquished Creatures
  A kobold brigand (Sewer)
  A gnoll sergeant (D:4)
  A scorpion (D:4)
  A centaur skeleton (D:3)
  A hound skeleton (D:4)
  6 adders
  3 gnolls (D:4)
  4 river rats (Sewer)
  A worm (D:2)
  5 orcs
  14 ball pythons
  2 bats
  An endoplasm (D:2)
  4 giant cockroaches (D:3)
  7 goblins
  2 hobgoblins
  8 quokkas
  4 frilled lizards
  23 kobolds
  18 rats
107 creatures vanquished.

Notes
Turn   | Place    | Note
-------+----------+-------------------------------------------
     0 | D:1      | HallandMoats the Minotaur Fighter began the quest for the
                  | Orb.
     0 | D:1      | Reached XP level 1. HP: 19/19 MP: 0/0
   326 | D:1      | Found a faded altar of an unknown god.
   550 | D:1      | Reached XP level 2. HP: 26/27 MP: 1/1
  1239 | D:2      | Reached skill level 1 in Invocations
  1248 | D:2      | Reached skill level 4 in Fighting
  1248 | D:2      | Reached XP level 3. HP: 7/33 MP: 2/2
  1252 | D:2      | Identified the +1 leather armour of the Eternal Void {Int+2
                  | Dex+3}
  2144 | D:3      | Reached skill level 1 in Dodging
  2144 | D:3      | Reached XP level 4. HP: 30/41 MP: 2/4
  2157 | D:3      | Found Owotu's Antique Armour Shop.
  2199 | D:3      | Found a glowing drain.
  2222 | Sewer    | Entered a sewer
  2447 | Sewer    | Reached XP level 5. HP: 36/47 MP: 5/5
  2698 | Sewer    | Reached skill level 5 in Fighting
  3483 | D:3      | Reached XP level 6. HP: 55/56 MP: 6/6
  3584 | D:3      | Found Xoza Nio's Book Shop.
  4299 | D:4      | Slain by an ogre

Illustrated notes

Levels and vault maps discovered:
D:1:      dpeg_arrival_round_b, layout_basic, hellmonk_ecumenical_altar_zigzags
D:2:      layout_basic
D:3:      layout_loops_ring, gup_sewer_entry_pipe, serial_shops, shop_statue,
          shop
D:4:      layout_cave_pools, nicolae_concentric_dashed_squares_wild

Skill      XL: |  1  2  3  4  5  6 |
---------------+-------------------+-----
Invocations    | 1 2 3 |  3.1
Axes           | 3 4 |  4.7
Fighting       | 4 5 |  5.5
Armour         | 4 |  4.6
Dodging        | 1 2 |  2.3
Shields        | 4 |  4.0

Action                   |  1- 3 |  4- 6 || total
-------------------------+-------+-------++-------
Melee: War axe           |    80 |   135 ||   215
       Headbutt          |     6 |    20 ||    26
  Use: Scroll            |       |     4 ||     4
Armor: Scale mail        |    34 |    69 ||   103
Dodge: Dodged            |    31 |   109 ||   140
Block: Buckler           |    20 |    54 ||    74

Table legend: (Time is in decaauts)
 A = Elapsed time spent in this place.
 B = Non-inter-level travel time spent in this place.
 C = Inter-level travel time spent in this place.
 D = Time resting spent in this place.
 E = Time spent auto-exploring this place.
 F = Levels seen in this place.
 G = Mean time per level.
                   A        B        C        D        E       F      G
               +--------+--------+--------+--------+--------+-----+--------+
         Total |   4401 |   4334 |     67 |    482 |   3129 |   5 |  880.2 |
       Dungeon |   3460 |   3393 |     67 |    478 |   2412 |   4 |  865.0 |
         Sewer |    940 |    940 |      0 |      4 |    717 |   1 |  940.0 |
               +--------+--------+--------+--------+--------+-----+--------+

Top non-repeatable levels by time:
     D:3: 1205 daAuts
     D:1: 987 daAuts
   Sewer: 940 daAuts
     D:2: 908 daAuts
     D:4: 359 daAuts
